 Dungeon Crawl Stone Soup version 0.29.1-1-gd02db6906a (webtiles) character file.

Game seed: 7453262325665325341

7989 Spacebear9 the Blocker (level 11, -2/76 HPs)
             Began as a Djinni Fire Elementalist on Oct 14, 2022.
             Was a High Priest of Elyvilon.
             Slain by Snorg (26 damage)
             ... on level 11 of the Dungeon.
             The game lasted 00:35:25 (13253 turns).

Spacebear9 the Blocker (Djinni Fire Elementalist)  Turns: 13253, Time: 00:35:26

Health: -2/76      AC:  8    Str:  7    XL:     11   Next: 47%
Gold:   477        EV: 13    Int: 19    God:    Elyvilon [*****.] SH: 20 Dex: 16

rFire   + + .      SeeInvis .   B - +4 scimitar (flame)
rCold   x . .      Faith    .   d - +4 kite shield of Qicuija {Contam rElec rCorr MP+9}
rNeg    + . .      Spirit   .   D - +1 robe {Will+}
rPois   ∞          Reflect  +   (no helmet)
rElec   +          Harm     .   l - +2 cloak
rCorr   +          Rampage  .   g - +1 pair of gloves
Will    ++...                   (boots unavailable)
Stlth   ++........              t - amulet of reflection
HPRegen 0.22/turn               b - ring of wizardry
MPRegen 0.00/turn               e - ring of positive energy

@: flying
A: sickness immunity, fire resistance 2, cold vulnerability 1, float, innate
caster, HP casting, extra vitality 1
a: Renounce Religion, Purification, Heal Other, Heal Self, Divine Vigour


You were on level 11 of the Dungeon.
You worshipped Elyvilon.
Elyvilon was extremely pleased with you.
You visited 2 branches of the dungeon, and saw 12 of its levels.
You also visited: Ossuary.

You collected 531 gold pieces.
You spent 54 gold pieces at shops.

Inventory:

Hand Weapons
 B - a +4 scimitar of flaming (weapon)
Missiles
 k - 104 stones
Armour
 d - the +4 kite shield of Qicuija (worn) {Contam rElec rCorr MP+9}
   (You acquired it on level 5 of the Dungeon)

   rElec:     It insulates you from electricity.
   MP:        It affects your magic capacity (+9).
   Contam:    It causes magical contamination when unequipped.
   rCorr:     It protects you from acid and corrosion.
 g - a +1 pair of gloves (worn)
 l - a +2 cloak (worn)
 D - a +1 robe of willpower (worn)
Jewellery
 b - a ring of wizardry (left hand)
 e - a ring of positive energy (right hand)
 t - an amulet of reflection (around neck)
 y - a ring of ice
Wands
 a - a wand of flame (32)
 i - a wand of polymorph (11)
 r - a wand of roots (23)
 s - a wand of mindburst (16)
 z - a wand of paralysis (8)
 E - a wand of light (7)
Scrolls
 c - 3 scrolls of identify
 f - a scroll of vulnerability
 h - 5 scrolls of teleportation
 p - a scroll of poison
 u - 2 scrolls of fear
 A - 2 scrolls of fog
 C - a scroll of magic mapping
Potions
 j - 3 potions of haste
 m - 2 potions of cancellation
 n - 5 potions of heal wounds
 o - a potion of flight
 q - 2 potions of curing
 v - a potion of attraction
 w - 2 potions of might
 x - 2 potions of mutation
 F - 2 potions of brilliance {unknown}


   Skills:
 + Level 5.3 Fighting
 + Level 7.2 Long Blades
 * Level 5.1 Dodging
 - Level 1.5 Stealth
 - Level 8.0 Shields
 + Level 7.3 Spellcasting
 * Level 5.9 Invocations


You couldn't memorise any spells.
You knew the following spells:

 Your Spells              Type           Power      Damage    Failure   Level
a - Foxfire               Conj/Fire      100%       2x1d9     1%          1
b - Scorch                Fire           68%        2d8       1%          2
c - Conjure Flame         Conj/Fire      34%        6-21      1%          3
d - Inner Flame           Hex/Fire       34%        N/A       1%          3
e - Flame Wave            Conj/Fire      34%        2d10      4%          4
f - Sandblast             Erth           68%        2d15      1%          1
g - Wereblood             Tmut           34%        N/A       1%          2
h - Teleport Other        Tloc           34%        N/A       1%          3
i - Stone Arrow           Conj/Erth      68%        3d11      1%          3
j - Freezing Cloud        Conj/Ice/Air   17%        6-21      13%         5
Your spell library was empty.

Dungeon Overview and Level Annotations

Branches:
Dungeon (11/15)            Temple (1/1) D:4            Lair (0/5) D:10
    Orc (0/2) D:10        Ossuary (visited)

Altars:
Cheibriados
Elyvilon
Gozag
Qazlal
Trog
Uskayaw
Wu Jian
Xom
Zin

Shops:
D:5 *   D:6 *   D:8 *

Annotations:
D:9 1 runed translucent door, hawla's ghost, novice DrCj
D:11 Snorg


Innate Abilities, Weirdness & Mutations

You are immune to sickness and miasma.
You are immune to poison.
Your flesh is very heat resistant. (rF++)
You are vulnerable to cold. (rC-)
You float through the air rather than walking.
You learn spells naturally, not from books.
Your magical power is your life essence.
You have superior vitality. (+4 MHP)


Message History

Snorg the Insatiable comes into view.
Casting: Scorch (safe; 1% risk of failure)
Confirm with . or Enter, or press ? or * to list all spells.
Aiming: Freezing Cloud (dangerous; 13% risk of failure)
Press: ? - help, Dir - move target Snorg shouts!
Snorg is engulfed in freezing vapours.
Snorg is engulfed in freezing vapours.
Casting: Freezing Cloud (dangerous; 13% risk of failure)
Confirm with . or Enter, or press ? or * to list all spells.
Flames lash Snorg.
Snorg is moderately wounded.
Snorg's fire resistance burns away.
Snorg is engulfed in freezing vapours.
Casting: Scorch (safe; 1% risk of failure)
Confirm with . or Enter, or press ? or * to list all spells.
Flames lash Snorg.
Snorg is burned terribly!
Snorg is moderately wounded.
You closely miss Snorg.
Snorg is moderately wounded.
Snorg goes berserk!
You closely miss Snorg.
Snorg is moderately wounded.
You block Snorg's attack.
Snorg claws you! x2; You block Snorg's attack.
Snorg claws you! x2
* * * LOW HITPOINT WARNING * * *
You are healed.
You block Snorg's attack. x2; Snorg barely misses you. x3
Snorg claws you but does no damage.
Casting: Scorch (safe; 1% risk of failure)
Confirm with . or Enter, or press ? or * to list all spells.
Aiming: Teleport Other (safe; 1% risk of failure)
Press: ? - help, Shift-Dir - straight line, f - Snorg
Aim: Snorg (moderately wounded, berserk, more vulnerable to fire, chance to affect: 37%) Snorg easily resists.
Snorg bites you! You block Snorg's attack. x2
Casting: Teleport Other (safe; 1% risk of failure)
Confirm with . or Enter, or press ? or * to list all spells.
Aiming: Teleport Other (safe; 1% risk of failure)
Press: ? - help, Shift-Dir - straight line, f/p - Snorg
Aim: Snorg (moderately wounded, berserk, more vulnerable to fire, chance to affect: 37%) Snorg easily resists.
Snorg bites you!!
You die...

########################
........................
........................
........................
........................
........................
................@.......
.................T.°.○..
...................§☼...
...................☼°§..
.....................°..
......>........)...!....
.... ...############
#### #..


You could see Snorg (berserk, combustible).

Vanquished Creatures
  Erica (D:8)
  2 two-headed ogres
  A cyclops (D:10)
  A gargoyle (D:10)
  A kobold demonologist (D:10)
  An unseen horror (D:11)
  A hornet (D:8)
  Sigmund (D:3)
  2 wyverns (D:9)
  3 yaks (D:9)
  An acid dragon (D:9)
  3 water moccasins
  2 orc warriors
  An ice beast (D:7)
  A black bear (D:5)
  2 centaurs
  3 kobold brigands
  2 phantoms (D:5)
  Blork the orc (D:5)
  3 bullfrogs
  2 elf zombies (Ossuary)
  2 scorpions
  A necrophage (D:7)
  A gnoll sergeant (D:9)
  9 wights
  6 killer bees (D:9)
  2 howler monkeys
  7 centaur zombies (Ossuary)
  3 human zombies (Ossuary)
  A jelly (D:8)
  3 hounds
  9 orc priests
  3 iguanas
  9 orc wizards
  3 mummies (Ossuary)
  4 gnolls (D:9)
  6 adders
  2 shadow imps
  2 white imps
  An ufetubus (D:6)
  A worm (D:2)
  2 dart slugs (D:4)
  44 orcs
  11 ball pythons
  7 bats
  2 endoplasms
  A giant cockroach (D:1)
  4 goblins
  12 jackals
  2 quokkas
  A frilled lizard (D:1)
  23 kobolds
  6 rats
225 creatures vanquished.

Vanquished Creatures (others)
  77 foxfires
  4 plants (D:10)
81 creatures vanquished.

Grand Total: 306 creatures vanquished

Notes
Turn   | Place    | Note
-------+----------+-------------------------------------------
     0 | D:1      | Spacebear9 the Djinni Fire Elementalist began the quest for
                  | the Orb.
     0 | D:1      | Spacebear9 set off with the following spells memorised:
                  | Foxfire, Scorch, Conjure Flame, Inner Flame, Flame Wave.
     0 | D:1      | Reached XP level 1. HP: 15/15 MP: 0/0
   252 | D:1      | Reached XP level 2. HP: 21/22 MP: 0/0
   647 | D:1      | Reached XP level 3. HP: 23/26 MP: 0/0
   647 | D:1      | Learned a level 1 spell: Sandblast
   970 | D:2      | Reached skill level 1 in Fighting
  1413 | D:2      | Reached skill level 1 in Long Blades
  1413 | D:2      | Reached XP level 4. HP: 30/32 MP: 0/0
  2309 | D:3      | Noticed Sigmund
  2326 | D:3      | Killed Sigmund
  2327 | D:3      | Reached XP level 5. HP: 24/39 MP: 0/0
  2327 | D:3      | Learned a level 2 spell: Wereblood
  2327 | D:3      | Reached XP level 6. HP: 27/44 MP: 0/0
  2657 | D:3      | Found a faded altar of an unknown god.
  2845 | D:3      | HP: 1/45 [kobold/+0 dagger (2)]
  2854 | D:3      | HP: 1/45 [kobold/+0 dagger (2)]
  3692 | D:4      | Found a staircase to the Ecumenical Temple.
  3702 | Temple   | Entered the Ecumenical Temple
  3739 | Temple   | Became a worshipper of Elyvilon the Healer
  4033 | D:4      | Reached XP level 7. HP: 49/49 MP: 0/0
  4033 | D:4      | Learned a level 3 spell: Teleport Other
  4221 | D:4      | Reached * piety under Elyvilon
  4446 | D:4      | Found an ornate altar of the Wu Jian Council.
  4770 | D:5      | Entered Level 5 of the Dungeon
  5389 | D:5      | Found a bloodstained altar of Trog.
  5546 | D:5      | Reached XP level 8. HP: 45/56 MP: 0/0
  5642 | D:5      | Noticed Blork the orc
  5653 | D:5      | Killed Blork the orc
  5753 | D:5      | Identified a scroll of acquirement
  5753 | D:5      | Acquired the +4 kite shield of Qicuija {Contam rElec rCorr
                  | MP+9}
  5766 | D:5      | Reached skill level 1 in Shields
  6226 | D:5      | Found Gatsurei's Serpentskin Sales.
  6243 | D:5      | Reached skill level 2 in Shields
  6243 | D:5      | Reached skill level 5 in Spellcasting
  6585 | D:6      | Reached skill level 3 in Shields
  6713 | D:6      | Reached XP level 9. HP: 34/61 MP: 0/0
  6713 | D:6      | Learned a level 3 spell: Stone Arrow
  6771 | D:6      | Reached skill level 4 in Shields
  7132 | D:6      | Reached ** piety under Elyvilon
  7341 | D:6      | Found Gaafit's Goods Gallery.
  7352 | D:6      | Bought a +0 pair of gloves for 54 gold pieces
  7470 | D:6      | Found a stormy altar of Qazlal.
  7847 | D:7      | Reached skill level 5 in Shields
  8102 | D:6      | Reached skill level 5 in Long Blades
  8558 | D:8      | Noticed a hornet
  8680 | D:8      | Found Qaulysi's Overcharged Wands.
  8683 | D:8      | Reached skill level 6 in Shields
  8744 | D:8      | Reached *** piety under Elyvilon
  8857 | D:8      | Found a sand-covered staircase.
  8876 | Ossuary  | Entered an ossuary
  9106 | Ossuary  | Reached XP level 10. HP: 56/67 MP: 0/0
  9401 | D:8      | Found an opulent altar of Gozag.
  9427 | D:8      | Found a hide-covered altar of Uskayaw.
  9434 | D:8      | Reached skill level 7 in Shields
  9580 | D:8      | Noticed a two-headed ogre
  9621 | D:8      | Killed a two-headed ogre
  9622 | D:8      | Reached skill level 8 in Shields
  9622 | D:8      | Reached skill level 1 in Invocations
 10153 | D:8      | Noticed Erica
 10165 | D:8      | Killed Erica
 10704 | D:9      | Reached **** piety under Elyvilon
 11097 | D:9      | Reached XP level 11. HP: 70/74 MP: 0/0
 11097 | D:9      | Learned a level 5 spell: Freezing Cloud
 11550 | D:9      | Found a runed translucent door.
 11550 | D:9      | Found a shimmering altar of Xom.
 11550 | D:9      | Noticed hawla's ghost (novice DrCj)
 11553 | D:9      | Noticed a +2 war axe of chaos
 11785 | D:9      | Found a glowing silver altar of Zin.
 11860 | D:10     | Entered Level 10 of the Dungeon
 11872 | D:10     | Reached ***** piety under Elyvilon
 12053 | D:10     | Reached skill level 5 in Invocations
 12269 | D:10     | Noticed a two-headed ogre
 12277 | D:10     | Killed a two-headed ogre
 12278 | D:10     | Reached skill level 5 in Fighting
 12502 | D:10     | Found a staircase to the Lair.
 12777 | D:10     | Noticed a cyclops
 12780 | D:10     | Killed a cyclops
 12803 | D:10     | Found a staircase to the Orcish Mines.
 12884 | D:11     | Noticed a boulder beetle
 12887 | D:11     | Noticed a two-headed ogre
 13015 | D:10     | Reached skill level 5 in Dodging
 13243 | D:11     | Noticed Snorg
 13253 | D:11     | Slain by Snorg

Illustrated notes

Levels and vault maps discovered:
D:1:      onia_arrival_pyramid, layout_loops_ring, chequers_serial_rivers_marsh
D:2:      cheibrodos_pilgrimage, layout_loops_ring
D:3:      layout_loops_ring, basic_ecumenical_altar, grunt_decor_resistance,
          uniq_sigmund
D:4:      layout_loops_ring, lemuel_round_altar,
          minmay_temple_entry_statues_pillars
D:5:      layout_basic, trog_three_pillars_becter, guppyfry_shop_venom,
          uniq_blork_the_orc
D:6:      layout_basic, nicolae_qazlal_general_emergency, lemuel_blue_sif_altar,
          nicolae_alphabet_shops, corexii_hall_statues_x, minivault_27
D:7:      layout_rooms, grunt_ministairs_12
D:8:      layout_gridville, nicolae_uskayaw_suspiria, overflow_temple_1_default,
          nicolae_ossuary_entry_ruins, dreamdust_mushroom_princess,
          nicolae_shop_overcharged_wands, uniq_erica
D:9:      layout_stronghold, zin_statuary, ebering_ghost_xom
D:10:     layout_stronghold, dpeg_oklobed_lair, orc_0_dummy
D:11:     layout_long_grid, uniq_snorg
Temple:   bh_familiar_temple

Skill      XL: |  1  2  3  4  5  6  7  8  9 10 11 |
---------------+----------------------------------+-----
Fighting       | 1 2 3 4 5 |  5.3
Long Blades    | 1 2 3 4 5 6 7 |  7.2
Spellcasting   | 3 4 5 6 7 |  7.3
Dodging        | 3 4 5 |  5.1
Shields        | 3 6 8 |  8.0
Invocations    | 4 5 |  5.9
Stealth        | |  1.5

Action                   |  1- 3 |  4- 6 |  7- 9 | 10-12 || total
-------------------------+-------+-------+-------+-------++-------
Melee: Great sword       |    13 |    28 |    56 |       ||    97
       Unarmed           |     1 |       |       |       ||     1
       Scimitar          |       |       |   116 |    87 ||   203
 Cast: Foxfire           |    21 |     2 |    18 |     8 ||    49
       Scorch            |    19 |    41 |   101 |    70 ||   231
       Conjure Flame     |       |     6 |     1 |       ||     7
       Wereblood         |       |     6 |    11 |     5 ||    22
       Stone Arrow       |       |       |     5 |     8 ||    13
       Teleport Other    |       |       |       |     6 ||     6
       Flame Wave        |       |       |       |     3 ||     3
       Freezing Cloud    |       |       |       |     4 ||     4
Invok: Purification      |       |       |     1 |     1 ||     2
       Heal Self         |       |       |       |     5 ||     5
  Use: Scroll            |       |    10 |    16 |     1 ||    27
       Potion            |       |     3 |       |       ||     3
 Stab: Sleeping          |       |       |     2 |       ||     2
Armor: Robe              |     3 |    13 |    23 |    15 ||    54
Dodge: Dodged            |    14 |    32 |    98 |    34 ||   178
Block: Other             |       |       |     8 |       ||     8
       Reflection        |       |       |     6 |    13 ||    19
       Kite shield       |       |       |   140 |   128 ||   268
